 Dungeon Crawl Stone Soup version 0.30-a0-808-g6e0788376e (webtiles) character file.

Game seed: 14313101938305788612

10142 hikkokomori the Destroyer (level 11, -1/69 HPs)
             Began as a Gargoyle Earth Elementalist on Feb 26, 2023.
             Was a Priest of Vehumet.
             Slain by a slime creature (13 damage)
             ... in an ice cave.
             The game lasted 00:22:20 (12595 turns).

hikkokomori the Destroyer (GrEE)                   Turns: 12595, Time: 00:22:21

Health: -1/69      AC: 20    Str: 12    XL:     11   Next: 57%
Magic:  7/19       EV: 15    Int: 23    God:    Vehumet [***...]
Gold:   562        SH:  0    Dex: 11    Spells: 0/21 levels left

rFire   + . .      SeeInvis .    B - +9 falchion of Baxt {flame, Will+ Dex-5 Stlth+}
rCold   + . .      Faith    .    (no shield)
rNeg    + . .      Spirit   .    p - +4 ring mail "Zaxuyk" {Int+3}
rPois   ∞          Reflect  .    (no helmet)
rElec   +          Harm     .    r - scarf {rC+ rF+}
rCorr   .          Rampage  .    e - +2 pair of gloves
Will    +....                    (no boots)
Stlth   ++++                     (no amulet)
HPRegen 0.31/turn                E - +5 ring of evasion
MPRegen 0.16/turn                K - +6 ring of dexterity

@: no status effects
A: sickness immunity, AC +8, negative energy resistance 1, electricity
resistance, torment resistance 1, petrification resistance
a: Renounce Religion


You were in an ice cave.
You worshipped Vehumet.
Vehumet was most pleased with you.
You visited 3 branches of the dungeon, and saw 13 of its levels.
You also visited: Ice Cave.

You collected 562 gold pieces.

Inventory:

Hand Weapons
 d - a +0 short sword
 k - a +1 heavy mace
 B - the +9 falchion of Baxt (weapon) {flame, Will+ Dex-5 Stlth+}
   (You found it on level 4 of the Dungeon)

   Dex:       It affects your dexterity (-5).
   Will:      It increases your willpower.
   Stlth:     It makes you more stealthy.
Missiles
 G - a throwing net
Armour
 a - a +0 robe
 e - a +2 pair of gloves (worn)
 n - a +0 buckler
 p - the +4 ring mail "Zaxuyk" (worn) {Int+3}
   (You found it on level 1 of the Lair of Beasts)

   Int:       It affects your intelligence (+3).
 r - a scarf of resistance (worn)
 s - a +0 cloak
 x - +0 acid dragon scales
 I - a +0 tower shield
 L - a +3 leather armour
 Q - the +2 leather armour "Rokk" {Fly rF- rN+ Dex+4}
   (You found it on level 9 of the Dungeon)

   Dex:       It affects your dexterity (+4).
   rF:        It makes you vulnerable to fire.
   rN:        It protects you from negative energy.
   Fly:       It grants you flight.
Jewellery
 E - a +5 ring of evasion (left hand)
 F - the ring "Goakirar" {*Corrode rElec rC+ rN++ SInv}
   (You found it in an ice cave)

   [ring of protection from cold]

   rC:        It protects you from cold.
   rElec:     It insulates you from electricity.
   rN:        It greatly protects you from negative energy.
   SInv:      It lets you see invisible.
   *Corrode:  It may corrode you when you take damage.
 H - a ring of fire
 K - a +6 ring of dexterity (right hand)
 N - a ring of positive energy
Wands
 c - a wand of quicksilver (2)
 J - a wand of polymorph (9)
 M - a wand of mindburst (5)
 P - a wand of digging (5)
Scrolls
 i - 3 scrolls of magic mapping
 l - 2 scrolls of poison {unknown}
 q - 2 scrolls of blinking
 u - 3 scrolls of enchant armour {unknown}
 w - 3 scrolls of fog
 y - 3 scrolls of summoning {unknown}
 O - 3 scrolls of teleportation {unknown}
 S - a scroll of brand weapon
Potions
 b - a potion of magic
 f - 2 potions of haste
 g - 8 potions of curing
 h - 6 potions of heal wounds
 j - 2 potions of ambrosia
 m - 3 potions of degeneration {unknown}
 o - 2 potions of invisibility
 t - 3 potions of mutation
 v - a potion of might
 z - 4 potions of attraction
 A - a potion of resistance {unknown}
 C - 3 potions of brilliance
 D - a potion of lignification {unknown}
 R - 2 potions of cancellation


   Skills:
 - Level 8.4 Fighting
 - Level 5.5 Long Blades
 - Level 1.6 Dodging
 - Level 9.1 Stealth
 + Level 2.9 Shields
 + Level 5.8 Spellcasting
 + Level 9.3 Conjurations
 - Level 0.9 Transmutations
 + Level 9.3 Earth Magic


You couldn't memorise any spells.
You knew the following spells:

 Your Spells              Type           Power      Damage    Failure   Level
a - Sandblast             Erth           98%        2d20      1%          1
b - Stone Arrow           Conj/Erth      98%        3d13      1%          3
c - Passwall              Tmut/Erth      25%        N/A       3%          2
d - Ignite Poison         Fire/Tmut/Pois 8%         N/A       13%         3
e - Iskenderun's Battles  Conj           49%        2d10      3%          5
f - Magic Dart            Conj           100%       1d8       1%          1
g - Iron Shot             Conj/Erth      24%        9d5       17%         6

Your spell library contained the following spells:

 Spells                   Type           Power      Damage    Failure   Level
 Dazzling Flash           Conj/Hex       56%        N/A       2%          3
 Searing Ray              Conj           98%        2d8       1%          2
 Fulminant Prism          Conj/Hex       14%        3d8       8%          4
 Petrify                  Tmut/Erth      30%        N/A       24%         4
 Leda's Liquefaction      Hex/Erth       14%        N/A       28%         4
 Ensorcelled Hibernation  Hex/Ice        12%        N/A       30%         2
 Call Canine Familiar     Summ           6%         N/A       52%         3
 Portal Projectile        Hex/Tloc       12%        N/A       52%         3
 Swiftness                Air            6%         N/A       52%         3
 Spellforged Servitor     Conj/Summ      14%        N/A       99%         7
 Malign Gateway           Summ/Tloc      3%         N/A       100%        7
 Summon Horrible Things   Summ           3%         N/A       100%        8


Dungeon Overview and Level Annotations

Branches:
Dungeon (11/15)            Temple (1/1) D:7            Lair (1/5) D:10
  IceCv (1/1)
    Orc: D:9-12

Altars:
Cheibriados
Elyvilon
Gozag
Kikubaaqudgha
Makhleb
Nemelex Xobeh
Okawaru
Qazlal
Vehumet
Wu Jian
Zin
The Shining One

Shops:
D:1 =   D:2 *   D:10 (

Annotations:
D:4 2 runed translucent doors, SirDiesAlot's ghost, amateur DsFi
D:6 3 runed translucent doors, exclusion: oklob plant, Nabski's ghost, novice TeFE
D:10 exclusion: orange crystal statue
D:11 Erolcha


Innate Abilities, Weirdness & Mutations

You are immune to sickness and miasma.
Your stone body is resilient. (AC +8)
You are immune to poison.
You resist negative energy. (rN+)
You are resistant to electric shocks. (rElec)
You are resistant to unholy torment.
You are immune to petrification.


Message History

Your battlesphere fires!
The barrage of energy hits the very large slime creature!
The very large slime creature is moderately wounded.
Aiming: Quicksilver Bolt
Press: ? - help, Shift-Dir - straight line, f/p - very large slime creature
Aim: a very large slime creature (moderately wounded, ally target, 94% to hit)
The bolt of dispelling energy hits the very large slime creature!
The very large slime creature is heavily wounded.
You slash the very large slime creature!
You burn the very large slime creature.
The very large slime creature is heavily wounded.
The very large slime creature misses you.
You hit the very large slime creature. You burn the very large slime creature.
The very large slime creature is heavily wounded.
A very large slime creature splits.
Casting: Magic Dart (safe; 1% risk of failure)
Confirm with . or Enter, or press ? or * to list all spells.
Aiming: Stone Arrow (safe; 1% risk of failure)
Press: ? - help, Shift-Dir - straight line, f/p - large slime creature
Aim: a large slime creature (heavily wounded, ally target, 95% to hit)
The stone arrow hits the large slime creature!
The large slime creature is severely wounded.
Your battlesphere fires!
The barrage of energy hits the slime creature!
The slime creature is moderately wounded.
Your battlesphere expends the last of its energy and dissipates.
The large slime creature barely misses you.
The slime creature hits you but does no damage.
Casting: Stone Arrow (safe; 1% risk of failure)
Confirm with . or Enter, or press ? or * to list all spells.
Aiming: Stone Arrow (safe; 1% risk of failure)
Press: ? - help, Shift-Dir - straight line, f/p - large slime creature
Aim: a large slime creature (severely wounded, 95% to hit)
Okay, then.
Casting: Stone Arrow (safe; 1% risk of failure)
Confirm with . or Enter, or press ? or * to list all spells.
You conjure a globe of magical energy.
The large slime creature hits you!!
* * * LOW HITPOINT WARNING * * *
The slime creature hits you!
You die...

#........###....### .J
#....J#............. ######....
#.....##....####....###.[.......
##.....##....########..).##....
##.....###......##.....## .
####....####.......####
###.....###...####..
###.☼.JJ#####.....
####.J@......# ####...#### ##*##
##.## ##...## #..∩..# ##.∩.##
#####


You could see a large slime creature, 2 slime creatures and a friendly
battlesphere.

Vanquished Creatures
  2 two-headed ogres (D:9)
  Pikel (D:7)
  2 rime drakes (Lair:1)
  A troll (D:10)
  2 hornets
  Sigmund (D:3)
  3 slime creatures (IceCv)
  A shadow (D:10)
  A vampire (D:10)
  7 yaks
  A wraith (D:10)
  2 wyverns
  A steam dragon (D:9)
  2 vampire mosquitoes (D:10)
  2 water moccasins
  3 black bears
  2 orc warriors (D:9)
  4 great orb of eyes simulacra (IceCv)
  2 ogres (D:4)
  2 centaurs
  3 slime creature simulacra (IceCv)
  3 lemures
  A phantom (D:6)
  5 kobold brigands
  3 necrophages
  4 bullfrogs
  A gnoll sergeant (D:9)
  5 scorpions
  A glowing shapeshifter simulacrum (IceCv)
  8 wights (D:8)
  4 killer bees (D:9)
  2 howler monkeys (D:7)
  6 jellies
  4 hounds
  2 orc priests
  2 gnoll boudas (D:5)
  Terence (D:3)
  2 iguanas (D:6)
  4 orc wizards
  2 shapeshifter simulacra (IceCv)
  23 gnolls
  10 adders
  A shadow imp (D:5)
  3 white imps (D:6)
  An ufetubus (D:4)
  A worm (D:5)
  2 dart slugs
  39 orcs
  8 bats
  22 endoplasms
  3 giant cockroaches
  2 goblins
  7 hobgoblins
  6 jackals
  22 kobolds
  2 quokkas
  4 ball pythons
  5 frilled lizards
  6 rats (D:1)
272 creatures vanquished.

Vanquished Creatures (others)
  7 fungi (D:6)
7 creatures vanquished.

Grand Total: 279 creatures vanquished

Notes
Turn   | Place    | Note
-------+----------+-------------------------------------------
     0 | D:1      | hikkokomori the Gargoyle Earth Elementalist began the quest
                  | for the Orb.
     0 | D:1      | Reached XP level 1. HP: 10/10 MP: 3/3
   183 | D:1      | Reached XP level 2. HP: 8/15 MP: 0/5
   678 | D:1      | Reached XP level 3. HP: 19/19 MP: 4/6
   772 | D:1      | Found Jahigika's Jewellery Boutique.
   986 | D:1      | Learned a level 3 spell: Stone Arrow
  1404 | D:2      | Found Gololo Oshru's Assorted Antiques.
  1508 | D:2      | Reached skill level 1 in Conjurations
  1672 | D:2      | Reached XP level 4. HP: 24/24 MP: 4/7
  1964 | D:3      | Reached skill level 1 in Fighting
  1990 | D:3      | Found a faded altar of an unknown god.
  2039 | D:3      | Noticed Sigmund
  2104 | D:4      | Noticed an ogre
  2108 | D:4      | Killed an ogre
  2109 | D:4      | Reached skill level 5 in Earth Magic
  2109 | D:4      | Reached XP level 5. HP: 29/29 MP: 4/8
  2883 | D:4      | Reached XP level 6. HP: 35/35 MP: 4/9
  2939 | D:4      | Found a large runed translucent door.
  2943 | D:4      | Found a large runed translucent door.
  2944 | D:4      | Noticed SirDiesAlot's ghost (amateur DsFi)
  3274 | D:4      | Identified the +9 falchion of Baxt {flame, Will+ Dex-5
                  | Stlth+}
  3583 | D:4      | Found an ancient bone altar of Kikubaaqudgha.
  3637 | D:4      | Found a snail-covered altar of Cheibriados.
  3639 | D:4      | Found an iron altar of Okawaru.
  3822 | D:5      | Entered Level 5 of the Dungeon
  4050 | D:5      | Reached XP level 7. HP: 31/40 MP: 3/10
  4207 | D:5      | HP: 2/40 [scorpion (2)]
  4539 | D:5      | Learned a level 2 spell: Passwall
  5021 | D:3      | You fall into a shaft and drop 2 floors!
  5133 | D:3      | Killed Sigmund
  5134 | D:3      | Reached skill level 5 in Stealth
  5134 | D:3      | Reached skill level 5 in Conjurations
  5134 | D:3      | Reached XP level 8. HP: 46/46 MP: 1/11
  5267 | D:3      | Noticed Terence
  5272 | D:3      | Killed Terence
  5709 | D:6      | Reached skill level 1 in Long Blades
  5969 | D:6      | Found a radiant altar of Vehumet.
  5979 | D:6      | Became a worshipper of Vehumet
  6034 | D:6      | Found a runed translucent gate.
  6034 | D:6      | Found a runed translucent gate.
  6034 | D:6      | Found a runed translucent gate.
  6250 | D:6      | Reached XP level 9. HP: 47/52 MP: 8/12
  6290 | D:6      | Noticed Nabski's ghost (novice TeFE)
  6519 | D:6      | Noticed an oklob plant
  6554 | D:6      | Reached skill level 5 in Fighting
  7096 | D:7      | Reached * piety under Vehumet
  7096 | D:7      | Offered knowledge of Shock by Vehumet.
  7345 | D:7      | Found a staircase to the Ecumenical Temple.
  7360 | D:7      | Noticed Pikel
  7381 | Temple   | Entered the Ecumenical Temple
  7414 | D:7      | Killed Pikel
  8306 | D:7      | Reached XP level 10. HP: 60/60 MP: 14/14
  8319 | D:8      | Offered knowledge of Magic Dart by Vehumet.
  8632 | D:8      | Reached ** piety under Vehumet
  8887 | D:8      | Found a burning altar of Makhleb.
  9348 | D:9      | Identified the +2 leather armour "Rokk" {Fly rF- rN+ Dex+4}
  9426 | D:9      | Noticed a two-headed ogre
  9433 | D:9      | Killed a two-headed ogre
  9439 | D:9      | Reached skill level 5 in Long Blades
  9546 | D:9      | Found a glowing golden altar of the Shining One.
  9546 | D:9      | Found a sparkling altar of Nemelex Xobeh.
  9574 | D:9      | Offered knowledge of Ignite Poison by Vehumet.
  9587 | D:9      | Learned a level 3 spell: Ignite Poison
  9593 | D:9      | Learned a level 5 spell: Iskenderun's Battlesphere
  9708 | D:9      | Reached XP level 11. HP: 67/67 MP: 9/18
  9847 | D:9      | Found a glowing silver altar of Zin.
  9866 | D:9      | Noticed a two-headed ogre
  9870 | D:9      | Killed a two-headed ogre
  9871 | D:9      | Reached skill level 5 in Spellcasting
  9981 | D:9      | Found an opulent altar of Gozag.
 10005 | D:9      | Reached *** piety under Vehumet
 10138 | D:10     | Entered Level 10 of the Dungeon
 10512 | D:10     | Reached skill level 1 in Shields
 10514 | D:10     | Learned a level 1 spell: Magic Dart
 10624 | D:10     | Found an ornate altar of the Wu Jian Council.
 10665 | D:10     | Noticed an orange crystal statue
 10798 | D:10     | Found a staircase to the Lair.
 10937 | D:10     | Found Nilojem's Weapon Shoppe.
 11533 | D:11     | Noticed Erolcha
 11770 | Lair:1   | Entered Level 1 of the Lair of Beasts
 11790 | Lair:1   | Found a frozen archway.
 11805 | Lair:1   | Identified the +4 ring mail "Zaxuyk" {Int+3}
 11815 | IceCv    | Entered an ice cave
 12483 | IceCv    | Offered knowledge of Dazzling Flash by Vehumet.
 12486 | IceCv    | Got the ring "Goakirar" {*Corrode rElec rC+ rN++ SInv}
 12530 | IceCv    | Learned a level 6 spell: Iron Shot
 12595 | IceCv    | Slain by a slime creature

Illustrated notes

Levels and vault maps discovered:
D:1:      lightli_arrival_lavapool, layout_basic, serial_shops,
          nicolae_shop_waterfront, minmay_misc_feat_roman,
          minmay_misc_feat_enclosed, minmay_split_cup_small
D:2:      layout_loops_ring, serial_shops, nicolae_shop_statue_plus
D:3:      layout_loops_ring, hellmonk_ecumenical_altar_prayer_group,
          minmay_between, uniq_sigmund, uniq_terence
D:4:      minmay_skewed_foursquare, layout_layer_cave,
          grunt_temple_overflow_open, ebering_ghost_disaster_area
D:5:      layout_loops_cross
D:6:      lemuel_slime, layout_gridville, nicolae_vehumet_altar_sigil,
          gammafunk_ghost_icy, st_stairs_4
D:7:      layout_gridville, temple_pool_b, uniq_pikel
D:8:      layout_rooms, makhleb_blood_cavern_becter, minmay_strange_pillars,
          st_stairs_11
D:9:      layout_rooms, mainiacjoe_overflow_small_starburst,
          gammafunk_temple_overflow_statue, mainiacjoe_overflow_six_doors_small
D:10:     layout_irregular_city, marbit_many_paths, lair_entry_dummy,
          serial_shops, nicolae_diamond_shop, minmay_protected_statue
D:11:     layout_loops_ring, minivault_21, uniq_erolcha
Temple:   chequers_temple_sunken
Lair:1:   layout_cave_pods, portal_ice_cave_rime, gauntlet_entry_generic,
          cheibrodos_lair_lostbears, uniq_amaemon
IceCv:    ice_cave_hellmonk_azure_passage

Skill      XL: |  1  2  3  4  5  6  7  8  9 10 11 |
---------------+----------------------------------+-----
Earth Magic    | 4 5 6 7 8 9 |  9.3
Stealth        | 3 4 5 6 7 8 9 |  9.1
Conjurations   | 1 2 3 5 6 7 8 9 |  9.3
Fighting       | 1 2 3 4 6 7 8 |  8.4
Long Blades    | 2 3 5 |  5.5
Spellcasting   | 3 4 5 |  5.8
Shields        | 2 |  2.9
Dodging        | |  1.6
Transmutations | |  0.9

Action                     |  1- 3 |  4- 6 |  7- 9 | 10-12 || total
---------------------------+-------+-------+-------+-------++-------
  Melee: Unarmed           |    21 |       |       |       ||    21
         Mace              |     4 |       |       |       ||     4
         Falchion          |       |     2 |    64 |    28 ||    94
   Cast: Sandblast         |    51 |    70 |   185 |   104 ||   410
         Stone Arrow       |       |       |     7 |    29 ||    36
         Magic Dart        |       |       |       |    73 ||    73
         Iskenderun's Batt |       |       |       |    18 ||    18
  Evoke: Wand              |       |       |       |     4 ||     4
    Use: Potion            |     1 |       |     1 |     2 ||     4
         Scroll            |       |       |       |    19 ||    19
   Stab: Sleeping          |       |     1 |     3 |       ||     4
 Armour: Robe              |    16 |    10 |    80 |     3 ||   109
         Leather armour    |       |       |       |    59 ||    59
         Ring mail         |       |       |       |     1 ||     1
  Dodge: Dodged            |    22 |    25 |   157 |   145 ||   349

Table legend: (Time is in decaauts)
 A = Elapsed time spent in this place.
 B = Non-inter-level travel time spent in this place.
 C = Inter-level travel time spent in this place.
 D = Time resting spent in this place.
 E = Time spent auto-exploring this place.
 F = Levels seen in this place.
 G = Mean time per level.
                   A        B        C        D        E       F      G
               +--------+--------+--------+--------+--------+-----+--------+
         Total |  12829 |  12352 |    477 |    729 |   9559 |  14 |  916.4 |
       Dungeon |  11989 |  11512 |    477 |    576 |   9139 |  11 | 1089.9 |
        Temple |     13 |     13 |      0 |      0 |      0 |   1 |   13.0 |
          Lair |     46 |     46 |      0 |      0 |      0 |   1 |   46.0 |
      Ice Cave |    780 |    780 |      0 |    153 |    420 |   1 |  780.0 |
               +--------+--------+--------+--------+--------+-----+--------+

Top non-repeatable levels by time:
     D:4: 1805 daAuts
     D:6: 1500 daAuts
    D:10: 1475 daAuts
     D:9: 1248 daAuts
     D:7: 1143 daAuts
     D:1: 1053 daAuts
     D:5: 1050 daAuts
     D:3: 1002 daAuts
     D:8: 875 daAuts
     D:2: 804 daAuts
   IceCv: 780 daAuts
  Lair:1: 46 daAuts
    D:11: 29 daAuts
  Temple: 13 daAuts
